 Dungeon Crawl Stone Soup version 0.18.1-48-g4cf74bf (webtiles) character file.

86 Joat the Insei (level 4, -1/40 HPs)
             Began as a Draconian Monk on Sept 4, 2016.
             Was a Follower of Ru.
             Slain by Pikel
             ... wielding a +0 whip of electrocution
              (6 damage)
             ... on level 4 of the Dungeon.
             The game lasted 00:07:29 (1842 turns).

Joat the Insei (Draconian Monk)                     Turns: 1842, Time: 00:07:30

Health: -1/40      AC:  8    Str: 18    XL:     4   Next: 26%
Magic:  4/4        EV: 13    Int: 11    God:    Ru [*.....]
Gold:   151        SH:  0    Dex: 14    Spells: 0 memorised, 3 levels left

rFire  . . .     SeeInvis .       - Unarmed
rCold  . . .     Gourm    .     (armour unavailable)
rNeg   . . .     Faith    .     (no shield)
rPois  .         Spirit   .     (helmet restricted)
rElec  .         Dismiss  .     (no cloak)
rCorr  .         Reflect  .     r - +0 pair of gloves
SustAt .         Harm     .     b - +1 pair of boots
MR     .....                    (no amulet)
Stlth  ++........               (no ring)
                                (no ring)

@: mighty, not resistant to hostile enchantments, unstealthy
A: unfitting armour, cold-blooded, hated by all, AC +5
a: Renounce Religion


You were on level 4 of the Dungeon.
You worshipped Ru.
Ru was aware of your devotion.
You were not hungry.

You visited 1 branch of the dungeon, and saw 4 of its levels.

You collected 151 gold pieces.

Inventory:

Hand Weapons
 g - a +1 dagger of speed
Armour
 b - a +1 pair of boots (worn)
 r - a +0 pair of gloves (worn)
 t - a +2 pair of boots
Jewellery
 s - an uncursed ring of ice
Scrolls
 d - a scroll of remove curse
 e - 7 scrolls of identify
 k - a scroll of enchant armour {unknown}
 p - a scroll of recharging {unknown}
Potions
 f - 2 potions of cure mutation
 j - a potion of flight {unknown}
 m - a potion of curing
 o - a potion of might
Comestibles
 a - 2 bread rations
 c - a meat ration
 l - a royal jelly
 n - a beef jerky


   Skills:
 + Level 4.1 Fighting
 + Level 3.5 Dodging
 - Level 1.7 Stealth
 + Level 4.6 Unarmed Combat


You had 3 spell levels left.
You didn't know any spells.

Dungeon Overview and Level Annotations

Branches:
Dungeon (4/15)
 Temple: D:4-7

Altars:
Qazlal
Ru
Sif Muna

Annotations:
D:3 Robin
D:4 Pikel


Innate Abilities, Weirdness & Mutations

Your plain brown scales are hard (AC +5).
Your body does not fit into most forms of armour.
You are cold-blooded and may be slowed by cold attacks.
You are hated by all.


Message History

Pikel is severely wounded.
Pikel closely misses you.
You barely miss Pikel.
Your tail-slap misses Pikel.
Your punch misses Pikel.
Pikel is severely wounded.
The slave barely misses you.
Pikel hits you with a whip of electrocution!
You barely miss Pikel.
Your tail-slap misses Pikel.
Pikel is severely wounded.
The slave hits you.
* * * LOW HITPOINT WARNING * * *
Pikel barely misses you.
You barely miss Pikel.
Pikel is severely wounded.
The slave misses you. Pikel hits you but does no damage.
You hit Pikel but do no damage.
Your tail-slap misses Pikel.
Pikel is severely wounded.
The slave hits you!
* * * LOW HITPOINT WARNING * * *
Pikel hits you with a whip of electrocution.
You die...

##......#..#
####.####.#
#.# #s# #.#
#.# #.# #.##
#.## #.p#
#sp# ##K#
##p# #.#
#@####.#
#.Kps..#
########


You could see Pikel, 3 slaves, a scorpion and a giant cockroach.

Vanquished Creatures
  A worker ant (D:3)
  3 adders
  A giant gecko (D:1)
  3 bats
  2 giant cockroaches
  5 goblins
  4 hobgoblins
  5 kobolds
  12 rats
36 creatures vanquished.

Notes
Turn   | Place    | Note
--------------------------------------------------------------
     0 | D:1      | Joat the Draconian Monk began the quest for the Orb.
     0 | D:1      | Reached XP level 1. HP: 19/19 MP: 1/1
   177 | D:1      | Reached XP level 2. HP: 26/26 MP: 2/2
   552 | D:2      | Found a sacrificial altar of Ru.
   557 | D:2      | Became a worshipper of Ru the Awakened
   565 | D:2      | Gained mutation: You are hated by all. [Ru sacrifice]
   565 | D:2      | Reached * piety under Ru
   676 | D:2      | Reached XP level 3. HP: 16/31 MP: 3/3
  1270 | D:2      | Found a deep blue altar of Sif Muna.
  1270 | D:2      | Found a stormy altar of Qazlal.
  1390 | D:2      | Found a sacrificial altar of Ru.
  1400 | D:2      | You fall through a shaft!
  1400 | D:3      | Noticed Robin
  1558 | D:4      | Noticed a slave
  1567 | D:3      | Reached XP level 4. HP: 26/40 MP: 4/4
  1638 | D:3      | HP: 2/40 [goblin/club[Robin] (8)]
  1649 | D:4      | Noticed a slave
  1650 | D:4      | Noticed a slave
  1808 | D:4      | Noticed Pikel
  1811 | D:4      | Noticed a slave
  1842 | D:4      | Slain by Pikel

Skill      XL: |  1  2  3 |
---------------+----------+-----
Dodging        | 3 |  3.5
Fighting       | 4 |  4.1
Stealth        | |  1.7
Unarmed Combat | |  4.6

Action                   |  1- 3 |  4- 6 || total
-------------------------+-------+-------++-------
Melee: Unarmed           |    43 |     9 ||    52
       Tailslap          |    12 |     2 ||    14
       Dagger            |    91 |       ||    91
       Punch             |     3 |       ||     3
Invok: Sacrifice Love    |     1 |       ||     1
  Use: Potion            |     2 |     3 ||     5
       Scroll            |       |     3 ||     3
 Stab: Sleeping          |     2 |       ||     2
  Eat: Chunk             |     2 |     1 ||     3
Armor: Skin              |    28 |    14 ||    42
Dodge: Dodged            |    73 |    23 ||    96
